Map: Acropolis LE

Players

Nelfi

  • Race: Protoss Protoss
  • League: Master
  • Spawn Location: 5:00

Robotikov - Winner!

  • Race: Terran Terran
  • Spawn Location: 11:00

VOD

Have the link to the VOD?

Description

Time

  • Played on: Oct. 6, 2019, 2:48 a.m.
  • Length: 13:38
Show
View Real Time Build Order
Export as new Build Order

Nelfi Protoss 

Build Orders: 1 Gate Expand, Blink Stalkers 

Get SALT Encoding   

  12  0:01  Probe  
  13  0:13  Probe  
  14  0:17  Pylon  
  14  0:25  Probe (Chrono Boost)  
  15  0:37  Probe (Chrono Boost)  
  15  0:39  Gateway  
  16  0:44  Probe (Chrono Boost)  
  16  0:46  Assimilator  
  17  0:51  Probe  
  18  1:03  Probe  
  19  1:15  Probe  
  20  1:26  Cybernetics Core  
  20  1:34  Nexus  
  20  1:39  Pylon  
  20  1:41  Probe  
  21  1:49  Assimilator  
  21  1:56  Probe  
  22  2:01  Adept (Chrono Boost)  
  22  2:05  Warp Gate  
  23  2:08  Probe  
  24  2:20  Probe  
  24  2:21  Stalker (Chrono Boost)  
  27  2:32  Probe  
  28  2:39  Twilight Council  
  28  2:45  Probe  
  28  2:50  Stalker  
  31  2:58  Probe (Chrono Boost)  
  33  3:03  Probe (Chrono Boost)  
  33  3:07  Probe (Chrono Boost)  
  33  3:10  Blink (Chrono Boost)  
  33  3:11  Probe (Chrono Boost)  
  33  3:12  Probe (Chrono Boost)  
  36  3:22  Probe  
  36  3:24  Probe  
  36  3:28  Stalker  
  36  3:34  Probe  
  39  3:36  Probe  
  39  3:37  Pylon  
  40  3:44  Gateway  
  40  3:46  Gateway, Probe  
  41  3:48  Probe  
  42  3:57  Robotics Facility  
  42  3:58  Probe  
  42  4:00  Probe  
  42  4:02  Assimilator  
  44  4:08  Sentry  
  46  4:10  Probe  
  46  4:15  Probe  
  48  4:22  Probe  
  49  4:28  Probe  
  50  4:31  Pylon  
  50  4:34  Probe  
  51  4:39  Stalker  
  51  4:40  Probe  
  51  4:43  Pylon  
  54  4:49  Observer (Chrono Boost), Probe, Stalker x2  
  60  4:55  Probe  
  61  5:00  Charge (Chrono Boost)  
  61  5:03  Observer (Chrono Boost), Forge, Nexus  
  62  5:07  Pylon  
  62  5:09  Probe  
  62  5:10  Stalker  
  62  5:11  Pylon  
  65  5:22  Stalker x2  
  59  5:38  Stalker  
  53  5:43  Probe  
  53  5:47  Probe  
  51  5:53  Observer (Chrono Boost)  
  51  5:55  Probe, Stalker  
  51  5:56  Stalker  
  54  6:00  Probe  
  52  6:08  Probe  
  52  6:13  Probe  
  53  6:20  Protoss Ground Armor Level 1 (Chrono Boost), Probe  
  53  6:25  Pylon, Probe  
  55  6:29  Gateway  
  55  6:32  Gateway  
  55  6:34  Gateway  
  55  6:35  Gateway  
  55  6:36  Gateway  
  55  6:38  Probe  
  55  6:39  Probe  
  57  6:40  Pylon, Probe  
  58  6:52  Probe (Chrono Boost)  
  58  6:54  Probe x2 (Chrono Boost)  
  61  7:00  Stalker x2  
  66  7:01  Stalker  
  66  7:03  Probe x2 (Chrono Boost)  
  66  7:05  Probe (Chrono Boost)  
  66  7:07  Probe (Chrono Boost)  
  70  7:08  Probe (Chrono Boost)  
  70  7:10  Photon Cannon  
  70  7:15  Probe  
  72  7:17  Warp Prism (Chrono Boost)  
  72  7:20  Probe  
  72  7:21  Probe  
  76  7:28  Probe  
  76  7:29  Photon Cannon  
  77  7:33  Probe  
  77  7:34  Templar Archives  
  78  7:41  Zealot x3  
  78  7:43  Zealot  
  86  7:46  Probe  
  86  7:49  Assimilator  
  86  7:51  Assimilator  
  87  7:57  Probe  
  88  8:01  Photon Cannon  
  88  8:04  Pylon  
  88  8:06  Protoss Ground Weapons Level 1 (Chrono Boost)  
  88  8:10  Forge, Probe  
  83  8:28  Probe  
  83  8:33  Stalker x8  
  94  8:37  Probe x2  
  94  8:40  Probe  
  97  8:46  Protoss Ground Armor Level 2 (Chrono Boost)  
  97  8:49  Probe  
  97  8:51  Warp Prism  
  97  8:52  Nexus  
  97  8:53  Pylon, Probe  
  97  8:55  Probe  
  102  8:58  Pylon  
  102  9:01  Probe  
  103  9:06  Probe  
  103  9:08  Pylon  
  103  9:09  Pylon  
  104  9:17  Photon Cannon  
  104  9:19  Photon Cannon  
  104  9:20  Robotics Facility  
  104  9:22  Pylon  
  104  9:31  Zealot  
  104  9:32  Zealot x5  
  116  9:47  Protoss Ground Weapons Level 2 (Chrono Boost)  
  116  9:54  Robotics Bay  
  116  9:56  Probe  
  116  9:58  Probe x2  
  119  10:04  Stalker x6  
  129  10:08  Probe  
  129  10:09  Observer  
  118  10:26  Probe  
  119  10:36  Stargate  
  119  10:38  Stargate  
  119  10:39  Zealot x5  
  119  10:40  Stargate, Zealot x3  
  135  10:44  Immortal  
  135  10:46  Immortal  
  135  10:47  Probe  
  135  10:48  Probe  
  145  10:50  Assimilator  
  145  10:52  Assimilator  
  145  11:03  Gravitic Drive (Chrono Boost)  
  135  11:22  Observer  
  135  11:23  Fleet Beacon  
  115  11:35  Stalker x2  
  115  11:36  Stalker x5  
  115  11:37  Stalker  
  121  11:58  Zealot x2  
  121  11:59  Zealot x3  
  125  12:14  Carrier x2 (Chrono Boost)  
  113  12:18  Zealot x5  
  113  12:19  Zealot x3  
  113  12:21  Probe  
  102  12:38  Zealot x4  
  102  12:39  Zealot x3  
  102  12:42  Immortal  
  102  12:43  Zealot  
  130  12:50  Probe  
  102  13:00  Stalker x6  
  102  13:01  Zealot  
  78  13:25  Zealot x3  
  78  13:26  Zealot x3  
Show
View Real Time Build Order
Export as new Build Order

Robotikov Terran - Winner!

Build Orders: Reaper Expand, Mech 

Get SALT Encoding   

  12  0:00  SCV  
  13  0:13  SCV  
  14  0:17  Supply Depot  
  14  0:25  SCV  
  15  0:39  SCV  
  15  0:40  Barracks  
  16  0:46  Refinery  
  16  0:51  SCV  
  17  1:03  SCV  
  18  1:15  SCV  
  19  1:28  Orbital Command  
  19  1:29  Reaper  
  20  1:44  Command Center  
  20  1:53  Supply Depot  
  20  1:55  SCV  
  20  2:01  Marine  
  22  2:09  SCV  
  22  2:14  Bunker  
  23  2:18  Factory  
  23  2:21  SCV  
  24  2:23  Barracks Reactor  
  24  2:26  Refinery  
  24  2:33  SCV  
  25  2:45  SCV  
  26  2:57  SCV  
  26  3:00  Marine x2  
  26  3:03  Orbital Command  
  28  3:07  Starport, Factory Tech Lab  
  28  3:09  SCV  
  29  3:17  Marine  
  29  3:18  Marine  
  31  3:23  SCV  
  31  3:26  Siege Tank  
  35  3:30  SCV  
  35  3:31  Refinery  
  36  3:35  SCV, Marine x2  
  39  3:45  SCV  
  39  3:47  Starport Tech Lab, SCV  
  41  3:49  Supply Depot  
  41  3:53  Marine x2  
  43  3:57  SCV  
  43  3:59  SCV  
  45  4:10  Supply Depot  
  45  4:11  Banshee, Siege Tank  
  45  4:14  Supply Depot  
  45  4:16  SCV x2  
  52  4:20  Marine x2  
  54  4:24  Supply Depot  
  54  4:31  SCV x2  
  54  4:37  Marine  
  54  4:38  Marine  
  58  4:43  Siege Tank  
  58  4:44  SCV  
  62  4:51  SCV  
  63  4:54  Banshee  
  63  4:56  SCV  
  67  5:03  SCV  
  67  5:05  Command Center, Marine x2  
  70  5:07  Mag-Field Accelerator  
  70  5:08  SCV  
  70  5:13  Refinery  
  71  5:19  SCV  
  71  5:20  SCV  
  58  5:37  Marine x2  
  58  5:38  Siege Tank  
  58  5:40  SCV x2  
  62  5:47  Banshee  
  62  5:49  Factory  
  63  5:50  Factory  
  63  5:52  SCV x2  
  63  6:07  SCV x2  
  63  6:09  Marine x2  
  63  6:10  Cyclone  
  67  6:18  Armory  
  67  6:19  Orbital Command, SCV x2  
  69  6:27  Supply Depot  
  69  6:30  Hyperflight Rotors  
  69  6:31  SCV  
  70  6:33  Banshee  
  70  6:34  Factory Tech Lab  
  70  6:36  Marine x2  
  70  6:38  SCV  
  76  6:42  Factory Tech Lab  
  76  6:43  SCV  
  76  6:46  Orbital Command  
  77  6:47  Siege Tank  
  77  6:50  SCV  
  81  6:54  Refinery  
  81  6:55  Refinery, SCV  
  81  6:56  Engineering Bay  
  81  6:59  Supply Depot  
  82  7:02  SCV  
  82  7:07  SCV  
  84  7:10  Factory  
  84  7:11  Factory  
  84  7:14  SCV  
  85  7:18  Cyclone  
  85  7:19  SCV  
  85  7:20  Banshee  
  92  7:23  Barracks Reactor  
  92  7:24  SCV  
  92  7:27  Command Center, SCV  
  92  7:28  Supply Depot  
  94  7:33  SCV  
  94  7:36  Supply Depot, SCV, Terran Vehicle Weapons Level 1  
  96  7:38  Armory  
  96  7:39  SCV  
  97  7:45  Cyclone, SCV  
  97  7:49  SCV  
  97  7:50  Cyclone  
  97  7:51  SCV  
  106  7:56  Missile Turret  
  106  7:59  Missile Turret  
  106  8:01  SCV x2  
  106  8:03  SCV  
  106  8:04  Widow Mine x2  
  113  8:06  Widow Mine  
  113  8:09  Banshee  
  118  8:18  SCV x2  
  118  8:19  Supply Depot  
  117  8:21  Supply Depot  
  117  8:27  Cyclone x2  
  117  8:28  Widow Mine  
  125  8:35  Cloaking Field  
  125  8:38  Starport  
  125  8:39  Widow Mine  
  127  8:42  SCV x3  
  127  8:47  Terran Vehicle And Ship Armor Level 1  
  130  8:51  Barracks Tech Lab, Cyclone  
  130  8:52  Widow Mine  
  130  8:54  SCV  
  136  9:03  Refinery  
  136  9:04  Widow Mine  
  136  9:05  Widow Mine x2, Cyclone  
  136  9:06  Banshee, Refinery  
  148  9:11  Planetary Fortress  
  148  9:13  Widow Mine  
  148  9:14  SCV x2  
  152  9:17  Missile Turret  
  152  9:21  Cyclone, Missile Turret  
  155  9:26  SCV  
  156  9:42  Missile Turret  
  156  9:52  Supply Depot  
  156  9:54  Supply Depot  
  156  9:59  Supply Depot  
  156  10:01  SCV  
  156  10:05  SCV  
  156  10:08  Banshee  
  156  10:09  Cyclone  
  156  10:10  Cyclone  
  156  10:12  Widow Mine, Cyclone  
  161  10:14  Widow Mine x3  
  161  10:15  Banshee  
  164  10:23  Factory  
  164  10:25  Factory  
  164  10:27  Factory  
  164  10:30  Command Center  
  164  10:33  Widow Mine, Terran Vehicle Weapons Level 2  
  164  10:35  Widow Mine x3  
  172  10:38  Missile Turret  
  172  10:41  Cyclone, Infernal Pre-Igniter  
  175  10:50  Command Center  
  175  10:51  Missile Turret  
  175  10:52  Banshee  
  175  10:55  Hellbat  
  180  11:01  Terran Vehicle And Ship Armor Level 2  
  180  11:11  Hellbat  
  179  11:15  Hellbat x2  
  179  11:16  Hellbat  
  172  11:27  Factory Tech Lab  
  172  11:28  Factory Tech Lab x2  
  172  11:32  Hellbat  
  173  11:36  Cyclone, Hellbat x2  
  173  11:37  Command Center x2  
  180  11:42  Supply Depot  
  180  11:43  Banshee, Cyclone x2, Hellbat  
  188  11:54  Hellbat  
  190  11:55  Fusion Core  
  190  11:58  Hellbat  
  190  12:00  Drilling Claws  
  190  12:08  Cyclone  
  190  12:15  Cyclone x2  
  189  12:19  Cyclone  
  189  12:20  Cyclone x2  
  198  12:25  Refinery  
  198  12:28  Command Center  
  198  12:29  Command Center  
  175  12:40  Cyclone  
  175  12:43  Banshee x2  
  181  12:47  Cyclone x2  
  181  12:50  Hellbat x2  
  182  12:51  Cyclone  
  182  12:52  Cyclone x2  
  189  13:06  Orbital Command  
Tags
 
Add a new tag
Caveats
  • Supply blocks, unpowered buildings, or Contaminate may cause inaccurate times.
  • Supply counts are checked every 10 seconds.